Map: 옥사이드 - 래더

Players

DRG

  • Race: Zerg Zerg
  • Spawn Location: 1:00

Zoun - Winner!

  • Race: Protoss Protoss
  • League: Master
  • Spawn Location: 7:00

Event: Cheeseadelphia Winter Championship 2021

VOD

Have the link to the VOD?

Description

Time

  • Played on: Jan. 23, 2021, 4:18 p.m.
  • Length: 10:01

All games in this series

Show
View Real Time Build Order
Export as new Build Order

DRG Zerg 

Build Orders: Hatch First 

Get SALT Encoding   

  12  0:01  Drone  
  13  0:12  Overlord  
  13  0:17  Drone  
  14  0:30  Drone x2  
  14  0:34  Drone  
  17  0:52  Hatchery  
  17  0:55  Drone  
  17  0:58  Drone  
  18  1:09  Extractor  
  17  1:14  Spawning Pool  
  17  1:15  Drone  
  17  1:19  Drone  
  18  1:28  Drone  
  19  1:39  Drone  
  20  1:49  Overlord  
  20  2:00  Queen  
  22  2:04  Queen  
  22  2:05  Zergling x4  
  26  2:12  Drone  
  26  2:13  Metabolic Boost  
  26  2:15  Drone  
  28  2:22  Drone  
  29  2:26  Drone  
  30  2:33  Hatchery  
  30  2:36  Drone  
  30  2:39  Drone  
  30  2:43  Zergling x2  
  32  2:47  Queen  
  34  2:53  Overlord  
  34  2:57  Overlord  
  33  3:01  Overlord  
  33  3:05  Drone  
  33  3:09  Drone x2  
  35  3:13  Drone x2  
  35  3:15  Drone  
  35  3:17  Drone  
  35  3:19  Drone  
  40  3:21  Drone  
  40  3:24  Drone  
  42  3:28  Queen  
  42  3:32  Drone  
  45  3:34  Drone  
  45  3:39  Drone  
  47  3:41  Drone x3  
  47  3:47  Roach Warren  
  49  3:51  Extractor  
  49  3:53  Drone x3  
  51  3:56  Overlord  
  51  4:01  Zergling x4  
  53  4:04  Zergling x4  
  53  4:08  Zergling x4  
  57  4:12  Overlord  
  57  4:13  Zergling x2  
  57  4:14  Zergling x2  
  57  4:15  Zergling x2  
  60  4:17  Zergling x2  
  60  4:21  Zergling x6  
  64  4:31  Roach x3  
  70  4:35  Roach x2  
  74  4:44  Spore Crawler  
  74  4:45  Spore Crawler  
  72  4:48  Drone x3  
  72  4:49  Drone x2  
  72  4:50  Drone  
  78  4:55  Evolution Chamber  
  78  4:58  Spore Crawler  
  76  5:01  Overlord x2  
  76  5:06  Lair  
  76  5:11  Overlord  
  76  5:14  Overlord  
  76  5:17  Overlord  
  76  5:20  Zergling x6  
  79  5:24  Zergling x6  
  80  5:32  Drone x6  
  80  5:34  Drone  
  87  5:42  Drone  
  87  5:44  Drone  
  84  5:52  Drone x5  
  84  5:54  Roach  
  91  6:01  Drone x3  
  91  6:03  Extractor  
  93  6:04  Glial Reconstitution  
  93  6:06  Extractor  
  92  6:13  Roach x2  
  96  6:19  Drone, Overseer  
  96  6:22  Drone x2  
  98  6:27  Zergling x8, Extractor x2  
  98  6:30  Drone x2  
  102  6:33  Drone x3  
  102  6:34  Overlord  
  102  6:36  Spire  
  102  6:38  Roach x2  
  102  6:39  Overlord  
  108  6:40  Overlord  
  108  6:41  Drone  
  109  6:48  Drone x2  
  109  6:50  Evolution Chamber  
  110  6:56  Drone x2  
  110  6:57  Drone  
  110  6:59  Drone x2  
  115  7:04  Overlord x2  
  113  7:10  Overlord  
  113  7:11  Hatchery, Overseer  
  112  7:17  Zerg Melee Weapons Level 1  
  112  7:19  Overlord x2  
  112  7:27  Roach x10  
  131  7:35  Overlord  
  136  7:37  Ravager x5  
  136  7:39  Roach x3  
  136  7:43  Roach x2  
  146  7:47  Zergling x10  
  150  7:52  Zergling x14  
  156  8:05  Zergling x6  
  155  8:08  Roach  
  155  8:10  Hatchery, Ravager  
  142  8:18  Roach x5  
  141  8:21  Ravager x4  
  141  8:25  Roach x4  
  139  8:28  Roach x2  
  139  8:29  Zergling x2  
  139  8:32  Overlord x2  
  139  8:33  Zergling x2  
  139  8:34  Queen  
  127  8:37  Queen  
  123  8:44  Zergling x6  
  123  8:46  Zergling x4  
  123  8:47  Ravager  
  128  8:51  Zergling x4  
  128  8:55  Zergling x2  
  130  8:58  Roach  
  130  9:00  Roach  
  130  9:01  Roach x2  
  123  9:04  Roach x2  
  122  9:13  Roach x3  
  122  9:17  Roach x3  
  123  9:19  Roach x2  
  117  9:24  Zergling x6  
  117  9:27  Roach  
  97  9:31  Roach  
  97  9:33  Roach  
  97  9:35  Zergling x2  
  85  9:39  Roach  
  85  9:41  Roach x3  
  72  9:53  Ravager  
  72  9:54  Ravager x2  
Show
View Real Time Build Order
Export as new Build Order

Zoun Protoss - Winner!

Build Orders: 1 Gate Expand, Zealot Archon 

Get SALT Encoding   

  12  0:00  Probe  
  13  0:12  Probe  
  14  0:19  Pylon  
  14  0:24  Probe  
  15  0:37  Probe (Chrono Boost)  
  15  0:40  Gateway  
  16  0:46  Probe (Chrono Boost)  
  17  0:50  Assimilator  
  17  0:53  Probe  
  18  1:05  Probe  
  19  1:17  Probe  
  20  1:25  Nexus  
  20  1:35  Cybernetics Core  
  20  1:37  Probe  
  21  1:44  Assimilator  
  21  1:50  Probe  
  21  1:54  Pylon  
  22  2:02  Probe  
  23  2:09  Adept (Chrono Boost)  
  23  2:11  Warp Gate  
  23  2:14  Probe  
  26  2:23  Twilight Council  
  26  2:26  Probe  
  26  2:29  Stalker (Chrono Boost)  
  29  2:37  Probe (Chrono Boost)  
  31  2:44  Probe (Chrono Boost)  
  31  2:47  Probe (Chrono Boost)  
  33  2:51  Probe (Chrono Boost)  
  33  2:52  Probe (Chrono Boost)  
  34  3:04  Robotics Facility, Probe  
  35  3:06  Probe  
  35  3:07  Resonating Glaives (Chrono Boost)  
  36  3:16  Probe  
  36  3:18  Gateway  
  36  3:19  Adept  
  39  3:23  Probe  
  40  3:32  Gateway  
  40  3:33  Gateway  
  40  3:46  Probe x2  
  40  3:48  Warp Prism (Chrono Boost)  
  42  3:54  Pylon  
  44  4:00  Probe x2  
  46  4:10  Pylon  
  46  4:12  Adept x2  
  46  4:15  Probe x2  
  53  4:17  Observer  
  53  4:22  Dark Shrine  
  53  4:25  Assimilator  
  53  4:28  Adept  
  53  4:29  Adept  
  57  4:31  Probe x2  
  57  4:40  Stalker, Pylon  
  57  4:45  Probe x2  
  61  4:47  Pylon  
  61  4:58  Immortal  
  65  5:07  Adept x4  
  65  5:11  Pylon  
  65  5:12  Assimilator  
  73  5:21  Probe  
  73  5:22  Pylon  
  74  5:30  Probe  
  74  5:35  Immortal (Chrono Boost), Probe  
  76  5:50  Gateway  
  76  5:52  Gateway, Dark Templar x2  
  76  5:56  Probe  
  81  5:59  Probe  
  81  6:03  Adept  
  84  6:07  Nexus  
  84  6:09  Pylon  
  84  6:11  Probe  
  84  6:16  Observer  
  84  6:18  Probe  
  86  6:23  Immortal (Chrono Boost)  
  86  6:25  Probe  
  87  6:27  Sentry  
  93  6:33  Shield Battery  
  93  6:35  Shield Battery  
  93  6:36  Blink  
  93  6:41  Probe x2  
  95  6:48  Sentry, Gateway  
  95  6:50  Gateway  
  97  6:55  Stalker x2, Observer  
  97  6:57  Probe  
  102  7:02  Pylon  
  102  7:11  Pylon  
  102  7:12  Pylon  
  102  7:13  Observer  
  102  7:19  Probe  
  103  7:23  Stalker x5  
  103  7:24  Archon  
  113  7:32  Adept  
  115  7:46  Stalker  
  115  7:47  Stalker, Adept x5  
  129  7:59  Adept  
  129  8:01  Gateway  
  123  8:11  Adept  
  123  8:12  Adept  
  117  8:13  Stalker x2  
  117  8:14  Stalker  
  112  8:23  Stalker x3  
  96  8:45  Adept x2  
  96  8:46  Adept x6  
  110  9:02  Stalker x4  
  110  9:08  Stalker x3  
  110  9:09  Stalker  
  106  9:28  Stalker x4  
  102  9:34  Adept x4  
  94  9:51  Stalker x3  
  96  9:54  Adept x2  
  96  9:55  Zealot x3  
Tags
 
Add a new tag
Caveats
  • Supply blocks, unpowered buildings, or Contaminate may cause inaccurate times.
  • Supply counts are checked every 10 seconds.